 Dungeon Crawl Stone Soup version 0.27-a0-46-g34d46f0a3f (webtiles) character file.

Game seed: 11582391465188828312

37954 Borgoz the Fighter (level 14, -2/104 HPs)
             Began as a Halfling Gladiator on Jan 6, 2021.
             Was an Elder of Ashenzari.
             Slain by raph's ghost (3 damage)
             ... while paralysed
             ... on level 2 of the Lair of Beasts.
             The game lasted 00:33:35 (15485 turns).

Borgoz the Fighter (Halfling Gladiator)            Turns: 15485, Time: 00:33:36

Health: -2/104     AC: 17    Str: 24    XL:     14   Next: 31%
Magic:  16/16      EV:  3    Int:  6    God:    Ashenzari [****..]
Gold:   794        SH:  0    Dex: 28    Spells: 16/16 levels left

rFire    . . .     SeeInvis +   a - +5 dagger (drain)
rCold    . . .     Faith    .   N - +4 kite shield "Jaggaf" {rPois Dex+7}
rNeg     . . .     Spirit   .   E - +2 steam dragon scales
rPois    +         Reflect  .   c - +0 helmet
rElec    .         Harm     .   F - +0 cloak {Will+}
rCorr    +         Rampage  .   m - +2 pair of gloves {Dex+3}
Will     ++...     Clarity  +   L - +0 pair of boots
Stlth    ++++......             j - amulet of regeneration (curse)
HPRegen  0.67/turn              o - +6 ring of strength (curse)
MPRegen  0.15/turn              z - ring of resist corrosion

@: paralysed, berserk cooldown, slowed
A: small, mutation resistance 1
a: Renounce Religion, Curse Item, Scrying


You were on level 2 of the Lair of Beasts.
You worshipped Ashenzari.
Ashenzari was greatly pleased with you.
You visited 3 branches of the dungeon, and saw 15 of its levels.
You also visited: Bailey.

You collected 1207 gold pieces.
You spent 413 gold pieces at shops.

Inventory:

Hand Weapons
 a - a +5 dagger of draining (weapon)
 D - a +0 rapier
 R - a +3 long sword of holy wrath
Missiles
 d - 4 throwing nets (quivered)
Armour
 c - a +0 helmet (worn)
 m - a +2 pair of gloves of dexterity (worn)
 p - a +1 scale mail of poison resistance
 x - the +1 buckler "Xucut" {+Fly rElec Str+3 Int-4}
   (You found it on level 4 of the Dungeon)

   It affects your strength (+3).
   It affects your intelligence (-4).
   It insulates you from electricity.
   It lets you fly.
 y - the +10 plate armour of the Tormentor {rF+}
   (You took it off an orc warrior on level 6 of the Dungeon)

   It protects you from fire.
 E - +2 steam dragon scales (worn)
 F - a +0 cloak of willpower (worn)
 L - a +0 pair of boots (worn)
 N - the +4 kite shield "Jaggaf" (worn) {rPois Dex+7}
   (You found it on level 2 of the Lair of Beasts)

   It affects your dexterity (+7).
   It protects you from poison.
Jewellery
 j - a cursed amulet of regeneration (around neck)
 o - a cursed +6 ring of strength (left hand)
 s - the ring "Seeg" {*Tele rPois rN+}
   (You found it on level 5 of the Dungeon)

   [ring of teleportation]

   It may teleport you next to monsters.
   It protects you from poison.
   It protects you from negative energy.
 z - a ring of resist corrosion (right hand)
 K - an uncursed ring of flight
 Q - an uncursed amulet of guardian spirit
Wands
 b - a wand of disintegration (31)
 i - a wand of paralysis (7)
 q - a wand of iceblast (29)
 C - a wand of flame (47)
Scrolls
 e - 4 scrolls of fog
 f - 2 scrolls of fear
 h - 9 scrolls of teleportation
 l - 5 scrolls of magic mapping
 r - 10 scrolls of remove curse
 v - a scroll of amnesia
 G - a scroll of summoning
 J - a scroll of enchant armour
 M - a scroll of acquirement {unknown}
 O - 2 scrolls of enchant weapon
 P - a scroll of vulnerability {unknown}
Potions
 g - a potion of berserk rage
 k - a potion of mutation
 n - 3 potions of curing
 t - 2 potions of haste
 u - a potion of brilliance
 w - 7 potions of flight
 A - 4 potions of heal wounds
 B - 2 potions of invisibility
 I - 2 potions of cancellation


   Skills:
 * Level 12.4 Fighting
 + Level 11.8 Short Blades
 - Level 2.9 Throwing
 * Level 11.4 Armour
 * Level 12.1 Dodging
 + Level 5.7 Stealth
 + Level 2.2 Shields
 + Level 1.6 Spellcasting
 - Level 3.3(5.3) Hexes
 + Level 2.0(3.7) Evocations


You had 16 spell levels left.
You didn't know any spells.
Your spell library contained the following spells:

 Spells                   Type           Power        Failure   Level
 Sting                    Tmut/Pois      0%           91%         1
 Summon Small Mammal      Summ           0%           91%         1
 Summon Guardian Golem    Hex/Summ       3%           92%         3
 Call Imp                 Summ           0%           97%         2
 Corpse Rot               Necr/Air       N/A          97%         2
 Poisonous Vapours        Pois/Air       0%           97%         2
 Call Canine Familiar     Summ           0%           99%         3
 Ignite Poison            Fire/Tmut/Pois 0%           99%         3
 Mephitic Cloud           Conj/Pois/Air  0%           99%         3
 Olgreb's Toxic Radiance  Pois           0%           100%        4
 Summon Ice Beast         Ice/Summ       0%           100%        4
 Summon Lightning Spire   Summ/Air       0%           100%        4


Dungeon Overview and Level Annotations

Branches:
Dungeon (11/15)            Temple (1/1) D:5            Lair (3/6) D:8
  Swamp (0/4) Lair:2          Orc (0/2) D:9          Bailey (visited)
  Snake: Lair:2-4    Spider: Lair:2-4

Altars:
Ashenzari
Cheibriados
Dithmenos
Elyvilon
Fedhas
Gozag
Hepliaklqana
Kikubaaqudgha
Makhleb
Nemelex Xobeh
Okawaru
Qazlal
Ru
Sif Muna
Trog
Uskayaw
Vehumet
Wu Jian
Xom
Yredelemnul
Zin
The Shining One
Beogh

Shops:
D:4 :   D:8 [*

Annotations:
D:11 3 runed translucent doors, tilp's ghost, journeyman OpTm
Lair:2 raph's ghost, journeyman MiGl


Innate Abilities, Weirdness & Mutations

You are small and have problems with some larger weapons.
You are somewhat resistant to further mutation.


Message History

Raph's ghost is moderately damaged.
You miss raph's ghost.
Raph's ghost is moderately damaged.
Raph's ghost hits you but does no damage.
You barely miss raph's ghost.
Raph's ghost is moderately damaged.
You hit raph's ghost but do no damage.
Raph's ghost is moderately damaged.
You are no longer berserk.
You pass out from exhaustion.
You feel yourself slow down.
Raph's ghost hits you but does no damage.
Raph's ghost hits you.
* * * LOW HITPOINT WARNING * * *
Raph's ghost hits you!
* * * LOW HITPOINT WARNING * * *
Raph's ghost hits you!
* * * LOW HITPOINT WARNING * * *
Raph's ghost hits you.
You die...

#......................
##.....................
#..............>......
##....................
#....................
##....................
#P..#.##..P#.....####.
#..####..###....###.#.
##..##@W...##.......รท..
#...#......##....##....
##..#.......#..........
#...#...........##....
##.#.###.#.#..........
#.######.#.........##
#..............##.##.
#....................
#.#...P##.PP##P..####


You could see raph's ghost.

Vanquished Creatures
  Harold (D:7)
  5 hydras
  A centaur warrior (D:11)
  A two-headed ogre (D:9)
  3 death yaks (D:8)
  Urug (Lair:3)
  The ghost of FortyThree the Fighter, a novice MiBe of Trog (D:6)
  Nergalle (D:11)
  The ghost of kae the Martial Artist, a novice DsGl (D:7)
  2 bog bodies (Lair:2)
  An orc knight (Bailey)
  Pikel (D:7)
  A cyclops (D:11)
  An ugly thing (D:10)
  5 elephants (Lair:3)
  Joseph (D:9)
  2 black mambas
  2 rust devils (D:8)
  2 gargoyles
  6 cane toads
  Maggie (D:7)
  4 rime drakes
  3 komodo dragons
  2 trolls
  A polar bear (Lair:2)
  2 hornets (D:7)
  25 blink frogs
  A shadow (D:11)
  A fire bat (D:6)
  2 wyverns
  A wraith (D:11)
  22 yaks
  A human (D:4)
  2 swamp worms (Lair:2)
  Duvessa (D:6)
  9 water moccasins
  4 ice beasts
  10 orc warriors
  6 sky beasts
  5 ogres
  6 wolves
  3 centaurs
  A big kobold (D:9)
  4 lemures (D:7)
  13 bullfrogs
  Dowan (D:6)
  9 scorpions
  A wyvern skeleton (D:10)
  4 killer bees (D:9)
  9 wights
  3 electric eels
  A centaur zombie (D:11)
  A howler monkey (D:5)
  2 quasits
  A bullfrog zombie (D:6)
  6 hounds
  3 centaur skeletons
  5 orc priests
  A jelly (D:11)
  9 orc wizards
  2 bullfrog skeletons
  Ijyb (D:3)
  5 iguanas
  16 worker ants
  A killer bee zombie (D:5)
  A hound skeleton (D:6)
  2 worker ant zombies
  13 gnolls
  11 adders
  2 shadow imps
  7 white imps
  4 ufetubi
  An adder zombie (D:6)
  3 worms
  A dart slug (D:2)
  6 leopard geckos
  34 orcs
  12 bats
  7 giant cockroaches
  11 hobgoblins
  6 jackals
  21 kobolds
  9 quokkas
  2 ball pythons
  7 frilled lizards
  14 goblins
  A goblin skeleton (D:4)
  2 jackal skeletons
  A jackal zombie (D:5)
  A leopard gecko skeleton (D:6)
  2 quokka skeletons
  A quokka zombie (D:2)
  6 rats
438 creatures vanquished.

Vanquished Creatures (others)
  4 fungi
  8 plants
  A withered plant (D:2)
13 creatures vanquished.

Grand Total: 451 creatures vanquished

Notes
Turn   | Place    | Note
-------+----------+-------------------------------------------
     0 | D:1      | Borgoz the Halfling Gladiator began the quest for the Orb.
     0 | D:1      | Reached XP level 1. HP: 14/14 MP: 1/1
   409 | D:1      | Reached XP level 2. HP: 19/19 MP: 2/2
   621 | D:1      | Reached XP level 3. HP: 24/24 MP: 3/3
  1163 | D:2      | Reached XP level 4. HP: 24/30 MP: 4/4
  1733 | D:3      | Reached XP level 5. HP: 32/35 MP: 5/5
  1766 | D:3      | Noticed Ijyb
  1882 | D:4      | Reached skill level 1 in Armour
  1882 | D:4      | Reached XP level 6. HP: 29/42 MP: 6/6
  1964 | D:3      | Killed Ijyb
  2504 | D:4      | Found an iron altar of Okawaru.
  2505 | D:4      | Found a basalt altar of Yredelemnul.
  2512 | D:4      | Found a snail-covered altar of Cheibriados.
  2610 | D:4      | Found a runed translucent door.
  2610 | D:4      | Noticed a human
  2614 | D:4      | Found a basalt altar of Yredelemnul.
  2639 | D:4      | Killed a human
  2640 | D:4      | Reached skill level 5 in Short Blades
  2640 | D:4      | Reached XP level 7. HP: 47/48 MP: 7/7
  2679 | D:4      | Found Parevvis's Book Shop.
  2755 | D:4      | Found a glowing golden altar of the Shining One.
  2755 | D:4      | Found a sacrificial altar of Ru.
  2755 | D:4      | Found a stormy altar of Qazlal.
  2769 | D:4      | Reached skill level 5 in Dodging
  2838 | D:4      | Found an opulent altar of Gozag.
  3006 | D:4      | Got a smoking buckler
  3012 | D:4      | Identified the +1 buckler "Xucut" {+Fly rElec Str+3 Int-4}
                  | (You found it on level 4 of the Dungeon)
  3561 | D:5      | Entered Level 5 of the Dungeon
  3639 | D:6      | Reached XP level 8. HP: 50/54 MP: 8/8
  3729 | D:6      | Reached skill level 5 in Fighting
  3939 | D:5      | Found a staircase to the Ecumenical Temple.
  3987 | Temple   | Entered the Ecumenical Temple
  4214 | Temple   | Became a worshipper of Ashenzari the Shackled
  4264 | D:5      | Found a hazy altar of Hepliaklqana.
  4275 | D:5      | Identified the ring "Seeg" {*Tele rPois rN+}
  4768 | D:6      | Reached XP level 9. HP: 48/62 MP: 9/9
  5312 | D:6      | Reached skill level 5 in Armour
  5573 | D:6      | Found a transporter.
  5713 | D:6      | Found a runed translucent gate.
  5713 | D:6      | Found a runed translucent gate.
  5713 | D:6      | Found a runed translucent gate.
  5717 | D:6      | Noticed FortyThree's ghost (novice MiBe)
  5720 | D:6      | Identified the +10 plate armour of the Tormentor {rF+}
  5721 | D:6      | Found a transporter.
  5730 | D:6      | Found a roughly hewn altar of Beogh.
  5775 | D:6      | Found a bloodstained altar of Trog.
  5775 | D:6      | Noticed Duvessa
  5799 | D:6      | Killed Duvessa
  5801 | D:6      | Noticed Dowan
  5816 | D:6      | Found a shimmering blue altar of Sif Muna.
  5825 | D:6      | Killed Dowan
  5829 | D:6      | Identified Sif Muna's Catalogue of Darkness
  6214 | D:7      | Reached * piety under Ashenzari
  6218 | D:7      | Noticed a hornet
  6225 | D:7      | Noticed Pikel
  6230 | D:7      | Killed a hornet
  6231 | D:7      | Reached XP level 10. HP: 55/72 MP: 10/10
  6271 | D:7      | Killed Pikel
  6376 | D:7      | Found a runed translucent gate.
  6376 | D:7      | Found a runed translucent gate.
  6377 | D:7      | Found a runed translucent gate.
  6563 | D:7      | Noticed Maggie
  6574 | D:7      | Noticed an angel
  6580 | D:7      | Killed Maggie
  6581 | D:7      | Found a shimmering altar of Xom.
  6642 | D:7      | Noticed Harold
  6700 | D:7      | Killed Harold
  6701 | D:7      | Reached skill level 1 in Stealth
  6856 | D:7      | Noticed kae's ghost (novice DsGl)
  6880 | D:7      | Found a glowing silver altar of Zin.
  7255 | D:7      | Noticed a rust devil
  7255 | D:7      | Noticed a rust devil
  7350 | D:8      | Found Jegudoin's General Store.
  7361 | D:8      | Bought a +1 pair of gloves of dexterity for 264 gold pieces
  7579 | D:8      | Noticed a death yak
  7579 | D:8      | Noticed a death yak
  7582 | D:8      | Found a staircase to the Lair.
  7710 | D:9      | Reached XP level 11. HP: 80/80 MP: 11/11
  7751 | D:9      | Noticed a two-headed ogre
  7763 | D:9      | Killed a two-headed ogre
  7793 | D:9      | Found a staircase to the Orcish Mines.
  7992 | D:9      | Noticed Joseph
  8008 | D:9      | Killed Joseph
  8077 | D:9      | Reached ** piety under Ashenzari
  8427 | D:8      | Killed a death yak
  8444 | D:8      | Killed a death yak
  8448 | D:8      | Found Nelyarhu's Armour Emporium.
  8505 | D:8      | Noticed a death yak
  8553 | D:8      | Killed a death yak
  8554 | D:8      | Reached skill level 10 in Fighting
  8613 | D:8      | Reached skill level 5 in Stealth
  8930 | D:10     | Entered Level 10 of the Dungeon
  9174 | D:10     | Reached skill level 10 in Short Blades
  9829 | D:11     | Noticed a brown ugly thing
  9840 | D:10     | Reached XP level 12. HP: 75/88 MP: 12/12
  9968 | D:11     | Found a runed translucent gate.
  9968 | D:11     | Found a runed translucent gate.
  9969 | D:11     | Found a runed translucent gate.
  9973 | D:11     | Noticed tilp's ghost (journeyman OpTm)
 10003 | D:11     | Found a flagged portal.
 10015 | Bailey   | Entered a bailey
 10501 | D:11     | Noticed Nergalle
 10527 | D:11     | Killed Nergalle
 10735 | D:11     | Reached *** piety under Ashenzari
 10948 | D:11     | Reached skill level 10 in Dodging
 10953 | D:11     | Found a burning altar of Makhleb.
 11004 | D:11     | Noticed a centaur warrior
 11014 | D:11     | Noticed a centaur warrior
 11022 | D:11     | Noticed a sun demon
 11030 | D:11     | Reached skill level 1 in Hexes
 11045 | D:11     | Noticed a deep troll
 11045 | D:11     | a dream sheep changed into a deep troll
 11055 | D:11     | a deep troll changed into a wolf spider
 11057 | D:11     | Killed a centaur warrior
 11072 | D:11     | Noticed a glowing orange brain
 11072 | D:11     | a wolf spider changed into a glowing orange brain
 11271 | D:8      | Bought a +0 cloak of willpower for 149 gold pieces
 11464 | D:6      | Killed FortyThree's ghost
 11710 | D:7      | Killed kae's ghost
 12007 | Lair:1   | Entered Level 1 of the Lair of Beasts
 12138 | Lair:1   | Reached XP level 13. HP: 74/95 MP: 13/13
 12242 | Lair:1   | Reached skill level 10 in Armour
 12569 | Lair:1   | Noticed a six-headed hydra
 12577 | Lair:1   | Killed a six-headed hydra
 13727 | Lair:2   | Found a staircase to the Swamp.
 13836 | Lair:2   | Got the uncursed kite shield "Jaggaf" {rPois Dex+7}
 13842 | Lair:2   | Identified the +4 kite shield "Jaggaf" {rPois Dex+7} (You
                  | found it on level 2 of the Lair of Beasts)
 13900 | Lair:2   | Reached **** piety under Ashenzari
 14501 | Lair:3   | Noticed a seven-headed hydra
 14528 | Lair:3   | Reached skill level 1 in Shields
 14530 | Lair:3   | Noticed a six-headed hydra
 14540 | Lair:3   | Killed a six-headed hydra
 14541 | Lair:3   | Reached skill level 1 in Evocations
 14589 | Lair:3   | Noticed a five-headed hydra
 14599 | Lair:3   | Killed a five-headed hydra
 14600 | Lair:3   | Reached XP level 14. HP: 94/103 MP: 15/15
 14619 | Lair:3   | Found a shimmering blue altar of Sif Muna.
 14641 | Lair:3   | Reached skill level 1 in Spellcasting
 14680 | Lair:3   | Noticed Urug
 14709 | Lair:3   | Killed Urug
 15351 | Lair:3   | Found a runed translucent door.
 15352 | Lair:3   | Noticed raph's ghost (journeyman MiGl)
 15484 | Lair:2   | HP: 1/104 [raph's ghost (15)]
 15485 | Lair:2   | Slain by raph's ghost

Illustrated notes

Levels and vault maps discovered:
D:1:      psy_arrival_dodecagon, layout_rooms
D:2:      layout_loops_corners, serial_undead, serial_undead_f, serial_undead_c,
          serial_undead_a, serial_undead_e
D:3:      layout_rooms, uniq_ijyb
D:4:      cheibrodos_old_hovel, layout_basic, grunt_temple_overflow_cloverleaf,
          minitemple, serial_shops, shop_statue, dk_yredelemnul_ordeal
D:5:      minmay_inner_zag, layout_rooms, general_overflow_altar, temple_pool_b,
          corner_web_ring
D:6:      gammafunk_cloud_chamber, layout_loops_corners,
          nzn_overflow_gifts_of_might_and_magic, biasface_ghost_orc_armoury
D:7:      cheibrodos_iron_armory, layout_cave_pods,
          grunt_temple_overflow_order_and_chaos_1, ebering_ghost_rock_garden,
          serial_park_tiny_pond, kennysheep_flooded_box, uniq_harold,
          uniq_maggie, uniq_pikel
D:8:      layout_loops_cross, dpeg_lair_monsters, serial_shops,
          nicolae_shop_statue_plus, kennysheep_little_box
D:9:      layout_roguey, orc_0_dummy, minmay_misc_feat_secret_circle,
          uniq_joseph
D:10:     layout_loops_corners
D:11:     minmay_the_grid_triangle_9x9_line_8_mashed
          [minmay_the_grid_triangle_9x9_limited_checkers,
          minmay_the_grid_triangle_9x9_windchime,
          minmay_the_grid_triangle_9x9_checkered,
          minmay_the_grid_triangle_9x9_shrine,
          minmay_the_grid_triangle_9x9_sprig,
          minmay_the_grid_triangle_9x9_from_above,
          minmay_the_grid_triangle_9x9_dagger,
          minmay_the_grid_triangle_9x9_prize_schism], layout_cross,
          gammafunk_ghost_spectres, enter_bailey_3, uniq_nergalle
Temple:   dpeg_chambers_temple
Lair:1:   statuecave_lemuel, layout_chaotic_city, minmay_shattered_shrine,
          grunt_megastairs_5
Lair:2:   layout_regular_city, nicolae_swamp_entry_splash_gauntlet
Lair:3:   layout_concentric_octagons, ebering_ghost_reflecting_pool,
          amcnicky_altar_gilded, infiniplex_staircase_pool, uniq_urug

Skill      XL: |  1  2  3  4  5  6  7  8  9 10 11 12 13 14 |
---------------+-------------------------------------------+-----
Fighting       | 2 3 4 6 7 9 10 11 12 | 12.4
Short Blades   | 4 5 6 8 9 10 11 | 11.8
Dodging        | 4 5 6 7 8 9 10 11 12 | 12.1
Armour         | 1 2 3 4 5 7 8 9 11 | 11.4
Stealth        | 2 5 |  5.7
Hexes          | 1 3 |  3.3
Shields        | 1 2 |  2.2
Evocations     | 1 2 |  2.0
Spellcasting   | 1 |  1.6
Throwing       | |  2.9

Action                   |  1- 3 |  4- 6 |  7- 9 | 10-12 | 13-15 || total
-------------------------+-------+-------+-------+-------+-------++-------
Melee: Rapier            |    94 |   168 |   566 |       |       ||   828
       Unarmed           |       |    26 |       |       |       ||    26
       Dagger            |       |       |    34 |  1171 |   785 ||  1990
       Falchion          |       |       |       |     2 |       ||     2
Throw: Throwing net      |       |       |       |    13 |     8 ||    21
Invok: Curse Item        |       |       |     2 |       |       ||     2
Evoke: Wand              |       |       |       |    25 |       ||    25
  Use: Potion            |       |     5 |     1 |     7 |     2 ||    15
       Scroll            |       |     1 |     7 |    14 |     4 ||    26
 Stab: Sleeping          |     1 |       |       |    18 |     8 ||    27
       Held in net/web   |       |       |       |    12 |    10 ||    22
       Distracted        |       |       |       |     1 |     1 ||     2
Armor: Leather armour    |     9 |       |       |       |       ||     9
       Ring mail         |    30 |    45 |   128 |     4 |       ||   207
       Skin              |       |     4 |       |       |       ||     4
       Steam dragon scal |       |       |       |   119 |    94 ||   213
Dodge: Dodged            |    62 |   146 |   532 |   706 |   557 ||  2003
Block: Kite shield       |       |       |       |       |   261 ||   261
       Rpst.: Falchion   |       |       |       |     1 |       ||     1

Table legend: (Time is in decaauts)
 A = Elapsed time spent in this place.
 B = Non-inter-level travel time spent in this place.
 C = Inter-level travel time spent in this place.
 D = Time resting spent in this place.
 E = Time spent auto-exploring this place.
 F = Levels seen in this place.
 G = Mean time per level.
                   A        B        C        D        E       F      G
               +--------+--------+--------+--------+--------+-----+--------+
         Total |  14493 |  13598 |    895 |   1181 |   8332 |  16 |  905.8 |
       Dungeon |  10741 |   9944 |    797 |    803 |   6282 |  11 |  976.5 |
        Temple |    256 |    223 |     33 |      0 |    220 |   1 |  256.0 |
          Lair |   3104 |   3039 |     65 |    364 |   1750 |   3 | 1034.7 |
        Bailey |    390 |    390 |      0 |     14 |     78 |   1 |  390.0 |
               +--------+--------+--------+--------+--------+-----+--------+

Top non-repeatable levels by time:
     D:6: 1775 daAuts
     D:7: 1262 daAuts
     D:4: 1259 daAuts
  Lair:1: 1144 daAuts
  Lair:2: 1129 daAuts
    D:10: 1061 daAuts
     D:8: 1058 daAuts
  Lair:3: 830 daAuts
     D:2: 808 daAuts
     D:1: 785 daAuts
     D:5: 721 daAuts
     D:3: 691 daAuts
    D:11: 663 daAuts
     D:9: 654 daAuts
  Bailey: 390 daAuts
